 Dungeon Crawl Stone Soup version 0.31-a0-1338-gb567cfdca4 (webtiles) character file.

Game seed: 6991744869797560232

949 IdlyInterested the Trooper (level 7, -4/58 HPs)
             Began as a Demonspawn Gladiator on Dec 21, 2023.
             Splashed by a jelly's acid (9 damage)
             ... on level 4 of the Dungeon.
             The game lasted 00:15:03 (3774 turns).

IdlyInterested the Trooper (Demonspawn Gladiator)   Turns: 3774, Time: 00:15:04

Health: -4/58      AC: -8    Str: 14 (16) XL:     7   Next: 90%
Magic:  7/7        EV:  7    Int:  7 (9)  God:
Gold:   185        SH:  0    Dex: 13 (14) Spells: 6/6 levels left

rFire   . . .        q - +2 dagger (speed)
rCold   . . .        (no shield)
rNeg    . . .        f - +0 chain mail
rPois   .            (helmet restricted)
rElec   .            (no cloak)
rCorr   .            C - +0 pair of gloves
SInv    .            (no boots)
Will    .....        I - amulet of regeneration Stlth
                     c - ring of flight
HPRegen 1.09/turn    (no ring)
MPRegen 0.10/turn

%: no passive effects
@: corroded, sanguine armoured, flying
A: powered by pain 2, sanguine armour 2, horns 1, high MP 1
a: no special abilities


You were on level 4 of the Dungeon.
You visited 1 branch of the dungeon, and saw 4 of its levels.
You also visited: Sewer.

You collected 185 gold pieces.

Inventory:

Hand Weapons
 e - a +0 dagger
 h - a +2 dagger of freezing
 j - a +0 spear
 q - a +2 dagger of speed (weapon)
 u - a +1 trident of protection
 y - a +0 hand axe
 O - a +0 morningstar
Missiles
 i - 4 stones
 o - a throwing net
 p - a javelin
 M - 4 boomerangs
 N - 4 poisoned darts (quivered)
Armour
 a - a +0 leather armour
 b - a +0 helmet
 f - a +0 chain mail (worn)
 r - a +0 scale mail
 s - a +0 ring mail
 C - a +0 pair of gloves (worn)
 H - a +0 helmet
Jewellery
 c - a ring of flight (left hand)
 I - an amulet of regeneration (around neck)
Talismans
 E - a blade talisman
Wands
 D - a wand of digging (8)
Scrolls
 g - a scroll of amnesia
 k - a scroll of silence
 m - a scroll of teleportation
 t - 3 scrolls of blinking
 w - a scroll of enchant weapon
 x - 2 scrolls of summoning
 B - a scroll of fear {unknown}
 F - a scroll of acquirement {unknown}
 G - a scroll of immolation {unknown}
 L - a scroll of poison {unknown}
 P - a scroll of enchant armour {unknown}
Potions
 l - 2 potions of haste
 n - a potion of invisibility
 v - a potion of brilliance
 A - a potion of magic {unknown}
 J - a potion of might {unknown}
 K - a potion of resistance {unknown}


   Skills:
 - Level 6.0 Fighting
 - Level 3.0 Throwing
 - Level 3.0 Armour
 - Level 3.0 Dodging
 - Level 2.0 Stealth
 + Level 2.2 Shields
 - Level 3.0 Unarmed Combat
 - Level 2.0 Evocations
 - Level 2.0 Shapeshifting


You had 6 spell levels left.
You didn't know any spells.
Your spell library contained the following spells:

 Spells                   Type           Power      Damage    Failure   Level
 Sting                    Conj/Alch      0%         1d3       100%        1
 Mercury Vapours          Alch/Air       0%         N/A       100%        2
 Olgreb's Toxic Radiance  Alch           0%         N/A       100%        4


Dungeon Overview and Level Annotations

Branches:
Dungeon (4/15)              Sewer (visited)
 Temple: D:4-7

Altars:


Innate Abilities, Weirdness & Mutations

You sometimes gain power by taking damage.
When seriously injured, your blood forms thick armour. (AC +9)
You have a pair of small horns on your head.
You have an increased reservoir of magic. (+10% MP)


Message History

You barely miss the jelly.
You headbutt the jelly, but do no damage.
The jelly is almost dead.
You hit the jelly but do no damage.
Your hands burn!
* * * LOW HITPOINT WARNING * * *
You headbutt the jelly, but do no damage.
The jelly is almost dead.
The jelly barely misses you.
You don't know any spells.
Unknown command.
You feel much better.
Your blood armour dries and flakes away.
The jelly hits you. The acid corrodes you!
You are splashed with acid!
Your blood congeals into armour.
The jelly attacks as it pursues you! The jelly closely misses you.
Your blood armour dries and flakes away.
The jelly jiggles.
The jelly attacks as it pursues you! The jelly hits you.
You are splashed with acid!
Your blood congeals into armour.
The jelly attacks as it pursues you! The jelly hits you.
You are splashed with acid!
The jelly hits you.
You are splashed with acid!
You hit the jelly but do no damage. The acid corrodes you!
Your hands burn!
The jelly is almost dead.
The jelly closely misses you.
You hit the jelly but do no damage. The acid corrodes you!
Your hands burn!
The jelly is almost dead.
You hit the jelly but do no damage.
Your hands burn!
You headbutt the jelly, but do no damage.
The jelly is almost dead.
The jelly hits you. The acid corrodes you!
You are splashed with acid.
* * * LOW HITPOINT WARNING * * *
You hit the jelly but do no damage.
Your hands burn!
* * * LOW HITPOINT WARNING * * *
You headbutt the jelly, but do no damage.
The jelly is almost dead.
The jelly hits you.
* * * LOW HITPOINT WARNING * * *
You are splashed with acid!
You die...

#.#.# #..#####
#.#.###......#
#.#..##...##.#
#.##.##.†....#
#.##..#..<.#.#
#.###....###.# #.#
###......# ###
#.#####>.....# ..#
#.....J@...#.# ..#
#.########.# #
..#################.#
....................#
.####################
.# .# .# .#


You could see a jelly.

Vanquished Creatures
  Sigmund (D:2)
  A black bear (D:3)
  An ogre (D:4)
  2 bullfrogs (Sewer)
  A howler monkey (D:4)
  Jessica (D:2)
  An iguana (D:4)
  Natasha (thrice) (D:2)
  Terence (D:2)
  Robin (D:3)
  11 adders
  5 river rats (Sewer)
  2 worms
  2 dart slugs
  2 orcs (D:4)
  15 ball pythons
  6 bats
  11 endoplasms
  3 giant cockroaches
  20 goblins
  9 hobgoblins
  6 jackals
  6 kobolds
  4 quokkas
  7 frilled lizards
  22 rats
144 creatures vanquished.

Vanquished Creatures (others)
  A rat (D:2)
1 creature vanquished.

Grand Total: 145 creatures vanquished

Notes
Turn   | Place    | Note
-------+----------+-------------------------------------------
     0 | D:1      | IdlyInterested the Demonspawn Gladiator began the quest for
                  | the Orb.
     0 | D:1      | Reached XP level 1. HP: 16/16 MP: 1/1
    96 | D:1      | Reached skill level 1 in Armour
   239 | D:1      | Gained mutation: When seriously injured, your blood forms
                  | armour. (AC +9) [demonic ancestry]
   239 | D:1      | Reached XP level 2. HP: 23/23 MP: 2/2
   280 | D:1      | Reached skill level 1 in Stealth
   519 | D:1      | Reached skill level 1 in Evocations
   549 | D:1      | Reached XP level 3. HP: 27/28 MP: 3/3
   951 | D:2      | Reached skill level 3 in Fighting
   951 | D:2      | Reached skill level 1 in Shapeshifting
   954 | D:2      | Noticed Terence
   968 | D:2      | Noticed Natasha
   972 | D:2      | Killed Terence
   973 | D:2      | Reached skill level 1 in Shields
   973 | D:2      | Gained mutation: When seriously injured, your blood forms
                  | thick armour. (AC +9) [demonic ancestry]
   973 | D:2      | Reached XP level 4. HP: 11/35 MP: 4/4
   973 | D:2      | Gained mutation: You have an increased reservoir of magic.
                  | (+10% MP) [potion of mutation]
   973 | D:2      | Gained mutation: You have a pair of small horns on your
                  | head. [potion of mutation]
   977 | D:2      | Killed Natasha
  1080 | D:2      | Noticed Jessica
  1101 | D:2      | Killed Jessica
  1102 | D:2      | Reached skill level 4 in Fighting
  1255 | D:2      | Noticed Natasha
  1266 | D:2      | Killed Natasha
  1267 | D:2      | Gained mutation: You sometimes gain a little power by
                  | taking damage. [demonic ancestry]
  1267 | D:2      | Reached XP level 5. HP: 41/42 MP: 5/5
  1287 | D:2      | Noticed Natasha
  1296 | D:2      | Killed Natasha
  1351 | D:2      | Noticed Sigmund
  1370 | D:2      | Killed Sigmund
  1371 | D:2      | Reached XP level 6. HP: 34/48 MP: 6/6
  1825 | D:3      | Found a glowing drain.
  1837 | Sewer    | Entered a sewer
  2295 | Sewer    | Reached skill level 5 in Fighting
  2295 | Sewer    | Gained mutation: You sometimes gain power by taking damage.
                  | [demonic ancestry]
  2295 | Sewer    | Reached XP level 7. HP: 31/56 MP: 7/7
  2564 | D:3      | Reached skill level 6 in Fighting
  2933 | D:3      | Noticed Robin
  2968 | D:3      | Killed Robin
  3748 | D:4      | HP: 2/58 [acid (11)]
  3774 | D:4      | Splashed by a jelly's acid

Illustrated notes

Levels and vault maps discovered:
D:1:      saegor_arrival_simple_b, layout_rooms, minmay_pentomino_v2
D:2:      layout_basic, nicolae_kite_square_tiling_tiny, corexii_hall_statues_l,
          st_stairs_12, uniq_sigmund, uniq_terence, uniq_natasha, uniq_jessica
D:3:      minmay_razor_zed, layout_loops_ring, portal_sewer_entry_b,
          palyth_stone_intersect, uniq_robin
D:4:      layout_basic, vehumet_statue, lemuel_crystal_altar

Skill      XL: |  1  2  3  4  5  6  7 |
---------------+----------------------+-----
Armour         | 1 2 3 |  3.0
Stealth        | 1 2 |  2.0
Evocations     | 1 2 |  2.0
Fighting       | 3 4 5 6 |  6.0
Shapeshifting  | 1 2 |  2.0
Shields        | 1 2 |  2.2
Throwing       | 2 3 |  3.0
Unarmed Combat | 3 |  3.0
Dodging        | 3 |  3.0

Action                     |  1- 3 |  4- 6 |  7- 9 || total
---------------------------+-------+-------+-------++-------
  Melee: Unarmed           |   100 |       |       ||   100
         Punch             |     6 |     8 |     2 ||    16
         Dagger            |    40 |   225 |   211 ||   476
         Headbutt          |       |    34 |    47 ||    81
  Throw: Stone             |     3 |     2 |     6 ||    11
         Throwing net      |     3 |       |       ||     3
         Javelin           |     1 |       |       ||     1
    Use: Scroll            |     1 |     2 |     3 ||     6
         Potion            |       |     3 |     6 ||     9
   Stab: Sleeping          |     2 |       |       ||     2
         Held in net/web   |     2 |       |       ||     2
         Invisible         |       |     1 |     2 ||     3
 Armour: Leather armour    |    82 |     7 |       ||    89
         Chain mail        |       |   188 |   156 ||   344
  Dodge: Dodged            |   105 |   104 |    50 ||   259

Table legend: (Time is in decaauts)
 A = Elapsed time spent in this place.
 B = Non-inter-level travel time spent in this place.
 C = Inter-level travel time spent in this place.
 D = Time resting spent in this place.
 E = Time spent auto-exploring this place.
 F = Levels seen in this place.
 G = Mean time per level.
                   A        B        C        D        E       F      G
               +--------+--------+--------+--------+--------+-----+--------+
         Total |   3621 |   3501 |    120 |    639 |   1619 |   5 |  724.2 |
       Dungeon |   3063 |   2943 |    120 |    382 |   1519 |   4 |  765.8 |
         Sewer |    557 |    557 |      0 |    257 |    100 |   1 |  557.0 |
               +--------+--------+--------+--------+--------+-----+--------+

Top non-repeatable levels by time:
     D:3: 1067 daAuts
     D:2: 998 daAuts
     D:1: 794 daAuts
   Sewer: 557 daAuts
     D:4: 204 daAuts
